 Dungeon Crawl Stone Soup version 0.18-a0-1372-gd644665 (webtiles) character file.

82 M4edhros the Insei (level 4, 0/31 HPs)
             Began as an Octopode Monk on Feb 21, 2016.
             Slain by an orc
             ... wielding a +0 trident
              (2 damage)
             ... on level 3 of the Dungeon.
             The game lasted 00:02:01 (1774 turns).

M4edhros the Insei (Octopode Monk)                  Turns: 1774, Time: 00:02:01

Health: 0/31       AC:  1    Str: 10    XL:     4   Next: 43%
Magic:  4/4        EV: 10    Int: 12    God:
Gold:   59         SH:  6    Dex: 15    Spells: 0 memorised, 3 levels left

rFire  + . .     SeeInvis .       - Unarmed
rCold  x . .     Gourm    .     h - +0 shield
rNeg   . . .     Faith    .     (helmet restricted)
rPois  +         Spirit   .     (no amulet)
rElec  .         Dismiss  .     l - ring of poison resistance
rCorr  .         Reflect  .     c - ring of fire
SustAt .         Harm     .     (no ring)
MR     .....                    (no ring)
Stlth  ++++......               (no ring)
                                (no ring)
                                (no ring)
                                (no ring)

@: slowed, very slow, not resistant to hostile enchantments, stealthy
A: almost no armour, amphibious, 8 rings, constrict 8, camouflage 1, gelatinous
body 1
a: no special abilities


You were on level 3 of the Dungeon.
You were hungry.

You visited 1 branch of the dungeon, and saw 3 of its levels.

You collected 59 gold pieces.

Inventory:

Armour
 h - a +0 shield (worn)
Jewellery
 c - a ring of fire (right tentacle)
 l - a ring of poison resistance (left tentacle)
Scrolls
 e - a scroll of noise {unknown}
 g - a scroll of amnesia
 j - a scroll of teleportation {unknown}
 o - a scroll of recharging {unknown}
Comestibles
 a - a bread ration
 f - 2 meat rations
 k - 2 beef jerkies
 n - 8 fruits


   Skills:
 - Level 3.0 Fighting
 - Level 3.0 Dodging
 + Level 4.9 Stealth
 + Level 4.9 Unarmed Combat


You had 3 spell levels left.
You didn't know any spells.

Dungeon Overview and Level Annotations

Branches:
Dungeon (3/15)

Altars:


Innate Abilities, Weirdness & Mutations

You cannot wear most types of armour.
You are amphibious.
You can wear up to eight rings at the same time.
You can use your tentacles to constrict eight enemies at once.
Your skin changes colour to match your surroundings (Stealth).
Your rubbery body absorbs attacks (AC +1).


Message History

The orc wizard casts a spell.
The orc wizard blinks!
The orc wizard hits you with a dagger.
* * * LOW HITPOINT WARNING * * *
Drink which item? (? for menu, Esc to quit)
You feel better. You block the orc wizard's attack.
The orc wizard gestures at you while chanting.
You feel yourself slow down.
The orc wizard points at you and mumbles some strange words.
The magic dart hits you!
* * * LOW HITPOINT WARNING * * *
The orc wizard points at you and mumbles some strange words.
The magic dart hits you!
* * * LOW HITPOINT WARNING * * *
You aren't carrying any potions.
Read which item? (? for menu, Esc to quit)
As you read the scroll labeled NUIRENL WUGITEQI, it crumbles to dust.
The scroll dissolves into smoke.
It was a scroll of fog.
The orc hits you from afar with a trident.
You die...

.........#
#..........#
......##.#
#..........#
########.#
##o#########
#.# #o# #.#
#o# #)# #o#
#.# #§#
#.#########o#
#......§§@§§#
#############


You could see an orc.

Vanquished Creatures
  3 adders (D:2)
  A worm (D:2)
  2 giant geckos (D:1)
  An orc (D:3)
  A ball python (D:1)
  2 giant cockroaches
  2 goblins
  5 hobgoblins
  8 jackals
  A quokka (D:2)
  8 bats
  5 giant newts
  3 kobolds (D:1)
  8 rats
50 creatures vanquished.

Notes
Turn   | Place    | Note
--------------------------------------------------------------
     0 | D:1      | M4edhros the Octopode Monk began the quest for the Orb.
     0 | D:1      | Reached XP level 1. HP: 16/16 MP: 1/1
   208 | D:1      | Reached XP level 2. HP: 17/21 MP: 2/2
   652 | D:1      | Reached XP level 3. HP: 26/26 MP: 3/3
  1134 | D:2      | Reached XP level 4. HP: 8/31 MP: 4/4
  1772 | D:3      | HP: 1/31 [orc wizard/magic dart (6)]
  1774 | D:3      | Slain by an orc

Vault maps used:
D:1:      saegor_arrival_simple_f
D:3:      minitemple, minmay_misc_feat_iff, uniq_terence

Action                   |  1- 3 |  4- 6 || total
-------------------------+-------+-------++-------
Melee: Unarmed           |    70 |    29 ||    99
  Use: Scroll            |       |     3 ||     3
       Potion            |       |     3 ||     3
 Stab: Sleeping          |    13 |     5 ||    18
       Distracted        |       |     1 ||     1
  Eat: Chunk             |       |     2 ||     2
